 Dungeon Crawl Stone Soup version 0.29.1-15-g9cfb28693d (webtiles) character file.

Game seed: 16317151687798344071

61 iamoutofideas the Chopper (level 4, 0/39 HPs)
             Began as a Hill Orc Delver on Apr 28, 2023.
             Slain by a goblin
             ... wielding a +0 club
              (3 damage)
             ... on level 3 of the Dungeon.
             The game lasted 00:01:39 (1253 turns).

iamoutofideas the Chopper (Hill Orc Delver)         Turns: 1253, Time: 00:01:40

Health: 0/39       AC:  9    Str: 14 (16) XL:     4   Next: 7%
Magic:  4/4        EV:  6    Int:  9 (10) God:
Gold:   32         SH:  0    Dex:  9 (12) Spells: 3/3 levels left

rFire   . . .      SeeInvis .   a - +0 hand axe
rCold   . . .      Faith    .   (no shield)
rNeg    . . .      Spirit   .   k - +0 chain mail
rPois   .          Reflect  .   i - +0 helmet
rElec   .          Harm     .   (no cloak)
rCorr   .          Rampage  .   (no gloves)
Will    .....                   (no boots)
Stlth   ..........              (no amulet)
HPRegen 0.13/turn               (no ring)
MPRegen 0.09/turn               (no ring)

@: no status effects
A: no striking features
a: no special abilities


You were on level 3 of the Dungeon.
You visited 1 branch of the dungeon, and saw 5 of its levels.

You collected 32 gold pieces.

Inventory:

Hand Weapons
 a - a +0 hand axe (weapon)
Armour
 b - a +0 leather armour
 i - a +0 helmet (worn)
 k - a +0 chain mail (worn)
Wands
 g - a wand of digging (3)
 l - a wand of flame (30)
Scrolls
 c - 2 scrolls of fog
 d - a scroll of magic mapping
 e - a scroll of fear


   Skills:
 - Level 3.6 Fighting
 + Level 5.6 Axes
 - Level 1.5 Dodging
 - Level 4.1 Stealth


You had 3 spell levels left.
You didn't know any spells.
Your spell library contained the following spells:

 Spells                   Type           Power      Damage    Failure   Level
 Blade Hands              Tmut           0%         N/A       100%        5
 Irradiate                Conj/Tmut      0%         3d11      100%        5
 Dragon Form              Tmut           0%         N/A       100%        7


Dungeon Overview and Level Annotations

Branches:
Dungeon (7/15)
 Temple: D:4-7

Altars:

Annotations:
D:3 Robin


Message History

You barely miss the goblin. x2; The goblin hits you but does no damage.
Robin says, "Bow before me, strongest of all the hobgoblins!"
Robin throws the goblin at you!
The goblin hits you with a +2 dagger of holy wrath.
The goblin hits you with a +0 club.
You hit the goblin but do no damage. You closely miss the goblin.
You barely miss the goblin.
A goblin comes into view. It is wielding a +0 dagger.
The goblin hits you with a +0 dagger.
The goblin hits you with a +2 dagger of holy wrath.
The goblin hits you with a +0 club.
You slash the goblin!
You kill the goblin!
You hit the goblin.
You kill the goblin!
You hit the goblin.
A goblin comes into view. It is wielding a +0 club.
Robin says, "Bow before me, strongest of all the hobgoblins!"
Robin throws the goblin at you!
A goblin comes into view. It is wielding a +0 club.
The goblin barely misses you. The goblin hits you with a +0 club.
The goblin moves out of view.
You feel yourself speed up. The goblin hits you but does no damage.
The goblin closely misses you.
Unknown command.
Unknown command.
It was a potion of degeneration.
There was something very wrong with that liquid.
You feel weakened.
You feel dopey.
You feel clumsy. The goblin hits you with a +0 club.
* * * LOW HITPOINT WARNING * * *
Unknown command.
It was a potion of cancellation.
Your magical effects are unravelling.
You feel magically purged.
You feel yourself slow down.
The goblin hits you but does no damage. x2; The goblin hits you with a +0 club.
* * * LOW HITPOINT WARNING * * *
The goblin hits you with a +0 club.
You die...

..# ... . .. #
... .#.#
...g#########.#.#
....gggg....)..?#
....ggg@g....>#
.....######...#
### #.#.# #.# #.#
# #.# ###.# #.#
##...#.# ###.#
#......# ...#
#..###.# #.###..#
.#


You could see Robin, 2 hobgoblins and 6 goblins.

Vanquished Creatures
  4 adders
  An ufetubus (D:5)
  A worm (D:5)
  An orc (D:3)
  An endoplasm (D:3)
  3 goblins
  3 jackals (D:3)
  2 kobolds (D:4)
16 creatures vanquished.

Notes
Turn   | Place    | Note
-------+----------+-------------------------------------------
     0 | D:5      | iamoutofideas the Hill Orc Delver began the quest for the
                  | Orb.
     0 | D:5      | Reached XP level 1. HP: 19/19 MP: 1/1
    19 | D:5      | Noticed a hound
    82 | D:5      | Reached skill level 3 in Axes
    82 | D:5      | Reached XP level 2. HP: 6/26 MP: 2/2
   400 | D:5      | Reached skill level 4 in Axes
   487 | D:4      | Reached XP level 3. HP: 22/31 MP: 3/3
   945 | D:4      | Reached skill level 5 in Axes
  1196 | D:3      | Reached XP level 4. HP: 35/39 MP: 4/4
  1245 | D:3      | Noticed Robin
  1253 | D:3      | Slain by a goblin

Illustrated notes

Levels and vault maps discovered:
D:3:      layout_basic, uniq_robin, uniq_natasha
D:4:      layout_layer_cave, kennysheep_ying_yang
D:5:      kennysheep_big_flooded_room, layout_loops_ring, serial_bayou_crossing
D:6:      layout_loops_ring, minmay_overflow_temple_star_quad,
          lexackson_kobold_supper
D:7:      layout_basic, nicolae_sif_muna_little_library, temple_pool_b,
          kennysheep_path_1

Skill      XL: |  1  2  3 |
---------------+----------+-----
Axes           | 3 4 5 |  5.6
Fighting       | |  3.6
Dodging        | |  1.5
Stealth        | |  4.1

Action                   |  1- 3 |  4- 6 || total
-------------------------+-------+-------++-------
Melee: Hand axe          |    79 |     6 ||    85
       Punch             |     1 |       ||     1
  Use: Potion            |       |     3 ||     3
 Stab: Sleeping          |     2 |       ||     2
Armor: Leather armour    |    24 |       ||    24
       Chain mail        |    12 |     9 ||    21
Dodge: Dodged            |    48 |     3 ||    51
